 Dungeon Crawl Stone Soup version 0.31-a0-971-g75a2e9a4b4 (webtiles) character file.

Game seed: 7346194319184219178

2 Azuregosa the Sneak (level 1, -1/16 HPs)
             Began as an Octopode Delver on Oct 28, 2023.
             Killed from afar by an orc wizard (3 damage)
             ... with a puff of flame
             ... on level 4 of the Dungeon.
             The game lasted 00:01:35 (69 turns).

Azuregosa the Sneak (Octopode Delver)                 Turns: 69, Time: 00:01:36

Health: -1/16      AC:  1    Str: 11    XL:     1   Next: 30%
Magic:  1/1        EV: 13    Int: 12    God:
Gold:   0          SH:  0    Dex: 13    Spells: 0/0 levels left

rFire   . . .        a - +0 falchion
rCold   . . .        (no shield)
rNeg    . . .        (helmet restricted)
rPois   .            (no amulet)
rElec   .            (no ring)
rCorr   .            (no ring)
SInv    .            (no ring)
Will    .....        (no ring)
Stlth   ++++         (no ring)
HPRegen 0.22/turn    (no ring)
MPRegen 0.07/turn    (no ring)
                     (no ring)

%: no passive effects
@: no status effects
A: almost no armour, amphibious, 8 rings, camouflage 1, gelatinous body 1,
(nimble swimmer 1), tentacles
a: no special abilities


You were on level 4 of the Dungeon.
You visited 1 branch of the dungeon, and saw 3 of its levels.

Inventory:

Hand Weapons
 a - a +0 falchion (weapon)
Wands
 f - a wand of digging (3)
Scrolls
 b - a scroll of fog
 d - a scroll of fear
Potions
 e - a potion of haste


   Skills:
 + Level 3.0 Fighting
 + Level 2.1 Long Blades
 - Level 2.0 Dodging
 - Level 6.6 Stealth


You couldn't memorise any spells.
You didn't know any spells.
Your spell library was empty.

Dungeon Overview and Level Annotations

Branches:
Dungeon (6/15)
 Temple: D:4-7

Altars:


Innate Abilities, Weirdness & Mutations

You cannot wear most types of armour.
You are amphibious.
You can wear up to eight rings at the same time.
Your skin changes colour to match your surroundings (Stealth+).
Your rubbery body absorbs attacks. (AC +1, EV +1)
((You are camouflaged when in or above water. (Stealth+)))
You have tentacles for arms and can constrict up to eight enemies at once.


Message History

Welcome, Azuregosa the Octopode Delver.
Everyone else who sought the Orb of Zot has failed.
Will you be different?
Press ? for a list of commands and other information.
Found a stone staircase leading down.
As you read the scroll of revelation, it crumbles to dust.
You feel aware of your surroundings.
You sensed 1 altar.
You climb downwards.
Found a stone staircase leading down.
There is a stone staircase leading up here.
You climb upwards.
There is a stone staircase leading down here.
An orc wizard and an orc come into view.
An orc comes into view. It is wielding a +0 mace.
The orc wizard points at you and mumbles some strange words.
You are confused.
You bump into the rock wall.
An orc comes into view. It is wielding a +0 dagger.
The orc shouts!
You hear a bark!
You bump into the rock wall.
You bump into the rock wall.
You feel less confused.
You hit the orc.
You kill the orc!
Found a stone staircase leading up.
Found an escape hatch in the ceiling.
There is a stone staircase leading up here.
Your library has no spells.
You climb upwards.
Found an escape hatch in the floor.
Found a stone staircase leading up.
There is a stone staircase leading down here.
The orc wizard shouts!
The orc wizard points at you and mumbles some strange words.
The puff of flame hits you!
Ouch! That really hurt!
* * * LOW HITPOINT WARNING * * *
A dart slug comes into view.
The orc wizard casts a spell at you. The puff of flame hits you.
You die...

## #.## .##
#...
..###.w#
..#...
...<####
#...o..#
#......#
#.@...o#####
#...........
#...o..####
#>.....#
########


You could see 2 orc wizards, a dart slug and an orc (wandering).

Vanquished Creatures
  An orc (D:5)
1 creature vanquished.

Notes
Turn   | Place    | Note
-------+----------+-------------------------------------------
     0 | D:5      | Azuregosa the Octopode Delver began the quest for the Orb.
     0 | D:5      | Reached XP level 1. HP: 16/16 MP: 1/1
    14 | D:5      | Noticed an orc wizard
    67 | D:4      | Noticed an orc wizard
    67 | D:4      | Noticed an orc wizard
    69 | D:4      | Killed from afar by an orc wizard

Illustrated notes

Levels and vault maps discovered:
D:4:      layout_rooms, lemuel_crystal_altar
D:5:      layout_loops_ring, lemuel_coloured_pillars_altar, minmay_checkerbox,
          uniq_grinder
D:6:      layout_layer_cave

Action                     || total
---------------------------++-------
  Melee: Falchion          ||     1
    Use: Scroll            ||     1
 Armour: Skin              ||     2

Table legend: (Time is in decaauts)
 A = Elapsed time spent in this place.
 B = Non-inter-level travel time spent in this place.
 C = Inter-level travel time spent in this place.
 D = Time resting spent in this place.
 E = Time spent auto-exploring this place.
 F = Levels seen in this place.
 G = Mean time per level.
                   A        B        C        D        E       F      G
               +--------+--------+--------+--------+--------+-----+--------+
         Total |     69 |     69 |      0 |      0 |      0 |   3 |   23.0 |
       Dungeon |     69 |     69 |      0 |      0 |      0 |   3 |   23.0 |
               +--------+--------+--------+--------+--------+-----+--------+

Top non-repeatable levels by time:
     D:5: 65 daAuts
     D:6: 1 daAuts
     D:4: 1 daAuts
